 Dungeon Crawl Stone Soup version 0.19.1 (webtiles) character file.

43274 RedPan the Covert (level 13, -16/88 HPs)
             Began as a Vampire Enchanter on Dec 25, 2016.
             Was a High Priest of Kikubaaqudgha.
             Demolished by a red devil
             ... wielding a +0 trident
              (19 damage)
             ... on level 12 of the Dungeon.
             The game lasted 01:04:36 (19219 turns).

RedPan the Covert (Vampire Enchanter)              Turns: 19219, Time: 01:04:37

Health: -16/88     AC: 10    Str:  7    XL:     13   Next: 89%
Magic:  22/23      EV: 26    Int: 26    God:    Kikubaaqudgha [*****.]
Gold:   1422       SH:  8    Dex: 30    Spells: 5 memorised, 9 levels left

rFire  . . .     SeeInvis +     s - +2 short sword of Uncertain Death {elec, MR+ Int+4 Dex+6}
rCold  + . .     Gourm    .     v - +2 robe {rN+}
rNeg   + + +     Faith    .     C - +0 buckler
rPois  +         Spirit   .     c - +0 hat
rElec  .         Reflect  .     r - +0 cloak "Laatohot" {*Contam Dex+9}
rCorr  .         Harm     .     (no gloves)
MR     +++..                    (no boots)
Stlth  ++++++++..               (no amulet)
                                D - +4 ring of slaying
                                x - +5 ring of protection

@: about to teleport, regenerating slowly
A: fangs 3, see invisible, magic resistance 1, poison resistance, unbreathing
a: Bat Form, Receive Corpses, Torment, Renounce Religion


You were on level 12 of the Dungeon.
You worshipped Kikubaaqudgha.
Kikubaaqudgha was extremely pleased with you.
You were very thirsty.

You visited 3 branches of the dungeon, and saw 19 of its levels.
You also visited: Bailey.

You collected 1590 gold pieces.
You spent 168 gold pieces at shops.

Inventory:

Hand Weapons
 a - a +3 short sword of draining
 s - the +2 short sword of Uncertain Death (weapon) {elec, MR+ Int+4 Dex+6}
   (You bought it in a shop on level 4 of the Dungeon)

   Occasionally, upon striking a foe, it will discharge some electrical energy
   and cause terrible harm.
   It affects your intelligence (+4).
   It affects your dexterity (+6).
   It affects your resistance to hostile enchantments.
Armour
 c - a +0 hat (worn)
 r - the +0 cloak "Laatohot" (worn) {*Contam Dex+9}
   (You found it in a bailey)

   It affects your dexterity (+9).
   It causes magical contamination when unequipped.
 v - a +2 robe of positive energy (worn)
 y - +2 fire dragon scales
 C - a +0 buckler (worn)
 K - a +0 cloak
Jewellery
 p - an uncursed ring of protection from cold {unknown}
 x - a +5 ring of protection (left hand)
 D - a +4 ring of slaying (right hand)
 E - an uncursed ring of stealth {unknown}
Wands
 f - a wand of paralysis (1/24)
 h - a wand of digging (17/24)
 i - a wand of iceblast (9/15)
 l - a wand of paralysis (13/24)
 o - a wand of lightning (4/15)
 u - a wand of confusion (17/48)
Scrolls
 e - 12 scrolls of identify
 g - 2 scrolls of fog
 k - 2 scrolls of teleportation
 n - a scroll of blinking
 t - a scroll of magic mapping
 P - 3 scrolls of remove curse
Potions
 d - 26 potions of blood
 j - 2 potions of haste
 q - 2 potions of magic
 w - 2 potions of heal wounds
 z - 3 potions of might
 A - 3 potions of resistance
 B - 4 potions of curing
 O - 2 potions of flight
Books
 b - Kikubaaqudgha's Collected Works on Stolen Souls
   (Kikubaaqudgha gifted it to you on level 9 of the Dungeon)

   Spells                             Type                      Level
   a - Animate Skeleton               Necromancy                   1
   b - Corpse Rot                     Necromancy                   2
   c - Sublimation of Blood           Necromancy                   2
   d - Vampiric Draining              Necromancy                   3
   e - Control Undead                 Necromancy                   4
 m - Kikubaaqudgha's Tome of Black Rites
   (Kikubaaqudgha gifted it to you on level 11 of the Dungeon)

   Spells                             Type                      Level
   a - Excruciating Wounds            Charms/Necromancy            5
   b - Agony                          Necromancy                   5
   c - Cigotuvi's Embrace             Necromancy                   5
   d - Dispel Undead                  Necromancy                   5
   e - Simulacrum                     Ice/Necromancy               6


   Skills:
 - Level 4.0 Fighting
 - Level 11.0 Short Blades
 - Level 12.1 Dodging
 + Level 14.4 Stealth
 - Level 7.0 Shields
 - Level 7.2 Spellcasting
 - Level 7.3 Hexes
 - Level 11.2 Necromancy
 + Level 6.1 Ice Magic


You had 9 spell levels left.
You knew the following spells:

 Your Spells              Type           Power        Failure   Level  Hunger
a - Control Undead        Necr           ######....   1%          4    ###....
b - Ensorcelled Hibernat  Hex/Ice        #####.       1%          2    None
c - Confuse               Hex            #####...     1%          3    None
d - Vampiric Draining     Necr           ######....   1%          3    None
e - Agony                 Necr           ######..     1%          5    #####..


Dungeon Overview and Level Annotations

Branches:
Dungeon (13/15)            Temple (1/1) D:4            Lair (5/6) D:11
  Swamp (0/4) Lair:4       Spider (0/4) Lair:2          Orc (0/2) D:12
  Slime: Lair:5-6    Vaults: D:13-14

Altars:
Ashenzari
Cheibriados
Dithmenos
Elyvilon
Fedhas
Gozag
Hepliaklqana
Kikubaaqudgha
Makhleb
Nemelex Xobeh
Okawaru
Qazlal
Ru
Sif Muna
Trog
Uskayaw
Vehumet
Xom
Yredelemnul
Zin
The Shining One
Lugonu

Shops:
D:4 *=([   D:7 (   D:13 (


Innate Abilities, Weirdness & Mutations

You heal slowly.
You have razor-sharp teeth.
You have supernaturally acute eyesight. (SInv)
You can survive without breathing.
You are resistant to hostile enchantments. (MR+)
Your system is resistant to poisons. (rPois)


Message History

You hit the sun demon. Your bite misses the sun demon.
The sun demon is lightly wounded.
The sun demon hits you!
You are engulfed in flames!!
* * * LOW HITPOINT WARNING * * *
You block the red devil's attack.
You feel much better.
The red devil hits you from afar with a trident!!
* * * LOW HITPOINT WARNING * * *
The sun demon misses you.
As you read the scroll of teleportation, it crumbles to dust.
You feel strangely unstable.
The red devil hits you from afar with a trident.
* * * LOW HITPOINT WARNING * * *
The sun demon hits you.
* * * LOW HITPOINT WARNING * * *
You are engulfed in flames!
* * * LOW HITPOINT WARNING * * *
The red devil hits you from afar with a trident!!
You die...
Kikubaaqudgha rasps: "You have failed me!
Welcome... oblivion!"

......##..≈.§§§.≈≈.##.......'....
......#§≈≈..≈≈≈..≈≈.#..######....
......#§§..≈§≈≈≈..§.#..#....+....
......#.§.§≈≈>.≈≈.≈.#..#....#....
......#.§..≈≈...§.§.#..#.........
##+#..#.≈≈..≈§...≈§.#..#.........
##.#..##.§§§§≈.§§44##..#.........
##.#.##+#.§≈...≈3.#'##.#.........
##.#.# ###4≈§≈≈§@###[#.#.........
##...##3#+#.....#+#.##.#.........
##...#[# ######### #$#.#.........
#.#.#####.......#####.#.........
#.#...................#..#####.#
#.########.####.................
#.# #......########.#####.# #.#
######.# ### #.# #.# #.# #.#


You could see a sun demon and 2 red devils.

Vanquished Creatures
  Gastronok (Lair:2)
  Snorg (D:13)
  Erolcha (D:13)
  2 hydras
  2 centaur warriors
  4 death yaks
  4 unseen horrors
  4 hill giants
  3 ugly things
  A cyclops (D:11)
  A deep elf mage (D:12)
  5 elephants
  A manticore (D:13)
  2 black mambas
  Joseph (D:7)
  A guardian serpent (D:12)
  A gargoyle (D:7)
  6 spiny frogs
  2 centaur skeletons
  A rime drake (Lair:2)
  A komodo dragon (Lair:4)
  7 polar bears
  A jumping spider (Lair:2)
  A two-headed ogre (D:10)
  2 trolls
  3 blink frogs (Lair:4)
  Grinder (D:4)
  A hornet (D:13)
  8 hippogriffs
  3 redbacks (Lair:2)
  Sigmund (D:6)
  A shadow (D:10)
  24 yaks
  6 wyverns
  A basilisk (Lair:3)
  A vampire (D:10)
  3 hungry ghosts
  2 vampire mosquitoes (D:12)
  Menkaure (D:7)
  4 porcupines
  12 orc warriors
  9 water moccasins
  An eye of draining (D:13)
  A phantom (D:10)
  4 ice beasts
  3 sky beasts
  A black bear (D:10)
  7 ogres
  A necrophage (D:5)
  9 wolves
  13 crocodiles
  9 centaurs
  The ghost of kwasso the Magician, an amateur HEWz (D:3)
  17 bullfrogs
  A big kobold (D:7)
  Blork the orc (D:4)
  5 scorpions
  A water moccasin skeleton (D:5)
  16 killer bees
  2 howler monkeys
  4 wights (D:11)
  An electric eel (D:11)
  4 centaur zombies
  3 bullfrog zombies
  2 quasits
  11 hounds
  7 crimson imps
  Crazy Yiuf (D:6)
  8 jellies
  14 orc wizards
  8 orc priests
  4 bullfrog skeletons
  Jessica (D:2)
  4 iguanas
  Terence (D:3)
  12 worker ants
  2 hound zombies (D:7)
  A hound skeleton (D:7)
  3 worker ant zombies
  9 adders
  4 shadow imps
  6 oozes
  An adder skeleton (D:5)
  3 worms (D:2)
  5 dart slugs
  5 leopard geckos
  52 orcs
  5 giant cockroaches
  4 goblins
  2 hobgoblins
  14 jackals
  15 kobolds
  4 quokkas
  8 bats
  7 frilled lizards
  A quokka skeleton (D:5)
  A quokka zombie (D:5)
  6 rats
473 creatures vanquished.

Vanquished Creatures (others)
  A fungus (Lair:4)
  2 plants
  4 toadstools (D:1)
7 creatures vanquished.

Grand Total: 480 creatures vanquished

Notes
Turn   | Place    | Note
-------+----------+-------------------------------------------
     0 | D:1      | RedPan the Vampire Enchanter began the quest for the Orb.
     0 | D:1      | Reached XP level 1. HP: 13/13 MP: 3/3
   283 | D:1      | Reached skill level 5 in Hexes
   434 | D:1      | Reached XP level 2. HP: 19/19 MP: 5/5
   438 | D:1      | Learned a level 2 spell: Ensorcelled Hibernation
  1343 | D:2      | Reached XP level 3. HP: 24/24 MP: 3/6
  1491 | D:2      | Found a burning altar of Makhleb.
  1498 | D:2      | Reached XP level 4. HP: 23/30 MP: 4/7
  1603 | D:2      | Noticed Jessica
  1610 | D:2      | Killed Jessica
  1635 | D:2      | Reached skill level 5 in Stealth
  1651 | D:2      | Reached skill level 1 in Ice Magic
  1733 | D:2      | Learned a level 3 spell: Confuse
  1789 | D:2      | Reached XP level 5. HP: 35/35 MP: 5/8
  1904 | D:2      | Found a blossoming altar of Fedhas.
  2169 | D:3      | Noticed Terence
  2187 | D:3      | Killed Terence
  2216 | D:3      | Found a snail-covered altar of Cheibriados.
  2239 | D:3      | Reached skill level 6 in Stealth
  2868 | D:3      | Found a sacrificial altar of Ru.
  2977 | D:3      | Noticed kwasso's ghost (amateur HEWz)
  3176 | D:3      | Killed kwasso's ghost
  3176 | D:3      | Reached skill level 7 in Stealth
  3176 | D:3      | Reached XP level 6. HP: 31/41 MP: 3/9
  3316 | D:4      | HP: 2/41 [iguana (12)]
  3600 | D:4      | Found Pusuhoid's Antique Weapon Shop.
  3604 | D:4      | Bought a steaming short sword for 168 gold pieces
  3604 | D:4      | Identified the cursed +2 short sword of Uncertain Death {elec, MR+ Int+4 Dex+6} (You bought it in a shop on level 4 of the Dungeon)
  3628 | D:4      | Found Daeppud's Jewellery Emporium.
  3644 | D:4      | Noticed Blork the orc
  3651 | D:4      | Killed Blork the orc
  3685 | D:4      | Found Qune's Armour Shop.
  3791 | D:4      | Noticed Grinder
  3814 | D:4      | Killed Grinder
  3814 | D:4      | Reached skill level 8 in Stealth
  3814 | D:4      | Reached XP level 7. HP: 38/46 MP: 10/10
  3864 | D:4      | Found Joataf's General Store.
  3892 | D:4      | Found a staircase to the Ecumenical Temple.
  3897 | D:4      | Reached skill level 9 in Stealth
  3914 | Temple   | Entered the Ecumenical Temple
  3978 | D:4      | Reached skill level 5 in Short Blades
  4024 | D:4      | Found a sparkling altar of Nemelex Xobeh.
  4254 | D:5      | Entered Level 5 of the Dungeon
  4315 | D:5      | Reached XP level 8. HP: 44/52 MP: 11/11
  4438 | D:5      | Noticed a hippogriff
  4444 | D:5      | Killed a hippogriff
  4511 | D:5      | Reached skill level 5 in Dodging
  4898 | D:5      | Identified a scroll of acquirement
  4899 | D:5      | Got a coiled pewter ring
  4900 | D:5      | Identified the ring of Circularity {rPois rN+ Slay+3} (You acquired it on level 5 of the Dungeon)
  4911 | D:6      | Noticed a dagger
  4912 | D:6      | Found a hide-covered altar of Uskayaw.
  5134 | D:6      | Noticed Sigmund
  5141 | D:6      | Killed Sigmund
  5166 | D:6      | Reached XP level 9. HP: 57/57 MP: 12/12
  5314 | D:6      | Noticed a hand axe
  5494 | D:6      | Found a runed door.
  5498 | D:6      | Noticed Crazy Yiuf
  5502 | D:6      | Killed Crazy Yiuf
  5840 | D:7      | Noticed a gargoyle
  5852 | D:7      | Killed a gargoyle
  5954 | D:7      | Found Xiod's Weapon Shoppe.
  5973 | D:7      | Found an ancient bone altar of Kikubaaqudgha.
  5976 | D:7      | Found a stormy altar of Qazlal.
  5978 | D:7      | Found a glowing silver altar of Zin.
  6024 | D:7      | Found a basalt altar of Yredelemnul.
  6025 | D:7      | Found a glowing golden altar of the Shining One.
  6287 | D:7      | Noticed Joseph
  6290 | D:7      | Killed Joseph
  6290 | D:7      | Reached skill level 10 in Short Blades
  6295 | D:7      | Found a deep blue altar of Sif Muna.
  6295 | D:7      | Noticed Menkaure
  6302 | D:7      | Killed Menkaure
  6302 | D:7      | Reached skill level 1 in Fighting
  6820 | D:8      | Reached XP level 10. HP: 61/66 MP: 13/13
  7267 | D:7      | Became a worshipper of Kikubaaqudgha
  7750 | D:8      | Reached skill level 10 in Dodging
  7917 | D:8      | Found a shadowy altar of Dithmenos.
  8065 | D:8      | Gained mutation: You are resistant to hostile enchantments. (MR+) [potion of mutation]
  8065 | D:8      | Gained mutation: Your system is resistant to poisons. (rPois) [potion of mutation]
  8085 | D:9      | Reached * piety under Kikubaaqudgha
  8085 | D:9      | Identified Kikubaaqudgha's Collected Works on Stolen Souls (Kikubaaqudgha gifted it to you on level 9 of the Dungeon)
  8085 | D:9      | Received a gift from Kikubaaqudgha
  8143 | D:9      | Reached skill level 1 in Necromancy
  8718 | D:10     | Entered Level 10 of the Dungeon
  9256 | D:10     | Reached skill level 5 in Necromancy
  9296 | D:10     | Reached skill level 5 in Spellcasting
  9327 | D:10     | Noticed an unseen horror
  9353 | D:10     | Killed an unseen horror
  9353 | D:10     | Reached XP level 11. HP: 53/77 MP: 18/18
  9587 | D:10     | Learned a level 4 spell: Control Undead
  9591 | D:10     | Learned a level 3 spell: Vampiric Draining
  9755 | D:11     | Reached ** piety under Kikubaaqudgha
  9873 | D:11     | Noticed a hill giant
  9901 | D:11     | Killed a hill giant
 10456 | D:11     | Found a staircase to the Lair.
 10515 | D:11     | Noticed a green ugly thing
 10531 | D:11     | Killed a green ugly thing
 10574 | D:11     | Reached *** piety under Kikubaaqudgha
 10574 | D:11     | Identified Kikubaaqudgha's Tome of Black Rites (Kikubaaqudgha gifted it to you on level 11 of the Dungeon)
 10574 | D:11     | Received a gift from Kikubaaqudgha
 10582 | D:11     | Learned a level 5 spell: Agony
 10586 | D:11     | Noticed a hill giant
 10599 | D:11     | Killed a hill giant
 10717 | D:11     | Noticed a centaur warrior
 10844 | D:11     | Noticed a red ugly thing
 10850 | D:11     | Killed a red ugly thing
 10999 | D:11     | Noticed a hill giant
 11009 | D:11     | Killed a hill giant
 11242 | D:11     | Killed a centaur warrior
 11527 | Lair:1   | Entered Level 1 of the Lair of Beasts
 11905 | Lair:1   | Reached XP level 12. HP: 80/83 MP: 22/22
 12287 | Lair:2   | Reached skill level 10 in Necromancy
 12298 | Lair:2   | Noticed Gastronok
 12309 | Lair:2   | Killed Gastronok
 12443 | Lair:2   | Noticed a five-headed hydra
 12450 | Lair:2   | Killed a five-headed hydra
 12491 | Lair:2   | Reached skill level 1 in Shields
 12764 | Lair:2   | Found a hole to the Spider Nest.
 13451 | Lair:3   | Reached **** piety under Kikubaaqudgha
 13459 | Lair:3   | Reached skill level 5 in Shields
 14134 | Lair:4   | Found a staircase to the Swamp.
 14786 | Lair:4   | Reached XP level 13. HP: 88/88 MP: 23/23
 14840 | Lair:4   | Reached skill level 10 in Stealth
 15823 | Lair:5   | Reached skill level 11 in Stealth
 16781 | D:12     | Reached skill level 12 in Stealth
 16882 | D:12     | Reached ***** piety under Kikubaaqudgha
 17007 | D:12     | Found a staircase to the Orcish Mines.
 17519 | D:12     | Reached skill level 13 in Stealth
 17980 | D:13     | Found Obruney's Antique Weapon Emporium.
 18052 | D:13     | Reached skill level 5 in Ice Magic
 18120 | D:13     | Noticed Erolcha
 18136 | D:13     | Killed Erolcha
 18136 | D:13     | Reached skill level 14 in Stealth
 18238 | D:13     | Found a flagged portal.
 18249 | D:13     | Noticed Snorg
 18262 | D:13     | Killed Snorg
 18270 | Bailey   | Entered a bailey
 18688 | Bailey   | Got a slimy cloak
 18699 | Bailey   | Identified the +0 cloak "Laatohot" {*Contam Dex+9} (You found it in a bailey)
 19219 | D:12     | HP: 3/88 [sun demon (11)]
 19219 | D:12     | Demolished by a red devil

Skill      XL: |  1  2  3  4  5  6  7  8  9 10 11 12 13 |
---------------+----------------------------------------+-----
Hexes          | 5 6 7 |  7.3
Stealth        | 5 7 8 9 14 | 14.4
Ice Magic      | 1 2 6 |  6.1
Short Blades   | 2 4 5 8 10 11 | 11.0
Dodging        | 3 6 9 10 11 12 | 12.1
Fighting       | 1 4 |  4.0
Necromancy     | 5 9 11 | 11.2
Spellcasting   | 5 7 |  7.2
Shields        | 7 |  7.0

Action                   |  1- 3 |  4- 6 |  7- 9 | 10-12 | 13-15 || total
-------------------------+-------+-------+-------+-------+-------++-------
Melee: Dagger            |   116 |    25 |       |       |       ||   141
       Bite              |    11 |     7 |    20 |    91 |    51 ||   180
       Short sword       |       |   147 |   220 |   754 |   448 ||  1569
 Cast: Ensorcelled Hiber |     7 |     8 |    11 |    43 |     5 ||    74
       Confuse           |       |     2 |     3 |     4 |     1 ||    10
       Agony             |       |       |       |     5 |    20 ||    25
       Vampiric Draining |       |       |       |     5 |     6 ||    11
 Abil: End Transformatio |       |       |       |       |     2 ||     2
       Bat Form          |       |       |       |       |     2 ||     2
  Use: Scroll            |     3 |     2 |     6 |    14 |     3 ||    28
       Potion            |       |     6 |     9 |    24 |    13 ||    52
 Stab: Sleeping          |    11 |    16 |    42 |    43 |    19 ||   131
       Confused          |       |     2 |     3 |     3 |     2 ||    10
       Distracted        |       |       |       |     5 |     2 ||     7
Armor: Robe              |    25 |    57 |    31 |    86 |    34 ||   233
Dodge: Dodged            |    69 |   115 |   113 |   531 |   284 ||  1112
Block: Buckler           |       |       |       |    10 |   131 ||   141
